 Dungeon Crawl Stone Soup version 0.27-a0-423-gf312af23e9 (webtiles) character file.

Game seed: 11516749896869105534

15440 siradein the Summoner (level 12, -2/74 HPs)
             Began as a Demonspawn Summoner on Feb 26, 2021.
             Was an Elder of Yredelemnul.
             Slain by a black mamba (7 damage)
             ... on level 2 of the Lair of Beasts.
             The game lasted 01:46:07 (21240 turns).

siradein the Summoner (Demonspawn Summoner)        Turns: 21240, Time: 01:46:09

Health: -2/74      AC: 16    Str: 10    XL:     12   Next: 1%
Magic:  23/24      EV: 10    Int: 20    God:    Yredelemnul [****..]
Gold:   977        SH: 14    Dex: 18    Spells: 10/27 levels left

rFire    + . .     SeeInvis .   Q - +2 trident (protect)
rCold    . . .     Faith    .   w - +5 kite shield
rNeg     . . .     Spirit   .   A - +1 leather armour "Doef" {rF+}
rPois    +         Reflect  .   v - +0 hat
rElec    .         Harm     .   (no cloak)
rCorr    .         Rampage  +   (no gloves)
Will     .....                  D - +2 pair of boots of the Jackalope {Rampage rPois Dex+4 Slay+3}
Stlth    ++........             r - amulet of magic regeneration
HPRegen  0.22/turn              F - +4 ring of slaying
MPRegen  0.44/turn              h - ring of wizardry

@: sanguine armour
A: talons 1, demonic guardian 2, sanguine armour 2, demonic magic 2
a: Renounce Religion, Recall Undead Slaves, Injury Mirror, Animate Dead, Drain
Life


You were on level 2 of the Lair of Beasts.
You worshipped Yredelemnul.
Yredelemnul was greatly pleased with you.
You visited 3 branches of the dungeon, and saw 14 of its levels.

You collected 977 gold pieces.

Inventory:

Hand Weapons
 s - a +3 halberd
 N - the +8 hunting sling "Sel Gelu" {venom, rF+ Str+3}
   (You found it on level 1 of the Lair of Beasts)

   It poisons the ammo it fires.
   It affects your strength (+3).
   It protects you from fire.
 Q - a +2 trident of protection (weapon)
Missiles
 y - 37 sling bullets
 P - 119 stones
Armour
 v - a +0 hat (worn)
 w - a +5 kite shield (worn)
 A - the +1 leather armour "Doef" (worn) {rF+}
   (You found it on level 5 of the Dungeon)

   It protects you from fire.
 D - the +2 pair of boots of the Jackalope (worn) {Rampage rPois Dex+4 Slay+3}
   (You found it on level 7 of the Dungeon)

   It affects your dexterity (+4).
   It affects your accuracy and damage with ranged weapons and melee attacks
   (+3).
   It protects you from poison.
   It bestows one free step when moving towards enemies.
Jewellery
 d - an amulet of the acrobat
 f - a +6 ring of strength
 g - a ring of ice
 h - a ring of wizardry (right hand)
 j - a ring of see invisible
 r - an amulet of magic regeneration (around neck)
 t - an amulet of faith
 F - a +4 ring of slaying (left hand)
 G - a ring of resist corrosion
 L - a ring of protection from cold
 O - an amulet of regeneration
Wands
 a - a wand of acid (20)
 l - a wand of polymorph (12)
 p - a wand of random effects (15)
Scrolls
 b - 6 scrolls of teleportation
 e - 2 scrolls of magic mapping
 m - 2 scrolls of amnesia
 o - 6 scrolls of immolation
 z - 2 scrolls of blinking
 B - 2 scrolls of enchant armour
 H - a scroll of silence {unknown}
 M - a scroll of fog
Potions
 c - a potion of magic
 k - 4 potions of might
 n - a potion of cancellation
 q - a potion of heal wounds
 u - a potion of resistance
 x - 3 potions of flight {unknown}
 C - a potion of invisibility
 E - a potion of degeneration
 J - 3 potions of curing
 R - 2 potions of brilliance {unknown}


   Skills:
 - Level 7.7 Short Blades
 + Level 3.4 Polearms
 - Level 1.7 Dodging
 - Level 1.7 Stealth
 + Level 4.1 Shields
 + Level 8.0 Spellcasting
 + Level 13.1 Summonings
 + Level 3.5 Ice Magic
 + Level 3.5 Air Magic
 + Level 3.0 Invocations


You had 10 spell levels left.
You knew the following spells:

 Your Spells              Type           Power        Failure   Level
a - Summon Small Mammal   Summ           100%         1%          1
b - Call Imp              Summ           57%          1%          2
c - Call Canine Familiar  Summ           57%          1%          3
d - Summon Guardian Gole  Hex/Summ       34%          4%          3
e - Summon Ice Beast      Ice/Summ       41%          6%          4
f - Summon Lightning Spi  Summ/Air       41%          6%          4

Your spell library contained the following spells:

 Spells                   Type           Power        Failure   Level
 Animate Skeleton         Necr           16%          19%         1
 Apportation              Tloc           16%          19%         1
 Corona                   Hex            8%           19%         1
 Magic Dart               Conj           32%          19%         1
 Searing Ray              Conj           16%          26%         2
 Dazzling Flash           Conj/Hex       16%          45%         3
 Fulminant Prism          Conj/Hex       4%           86%         4
 Iskenderun's Mystic Bla  Conj/Tloc      8%           86%         4


Dungeon Overview and Level Annotations

Branches:
Dungeon (10/15)            Temple (1/1) D:6            Lair (3/6) D:8
  Swamp (0/4) Lair:3        Snake (0/4) Lair:2          Orc (0/2) D:10

Altars:
Ashenzari
Cheibriados
Dithmenos
Elyvilon
Fedhas
Gozag
Hepliaklqana
Kikubaaqudgha
Makhleb
Nemelex Xobeh
Okawaru
Qazlal
Ru
Sif Muna
Trog
Uskayaw
Vehumet
Wu Jian
Xom
Yredelemnul
Zin
The Shining One

Shops:
D:6 :   D:7 *

Annotations:
D:10 7 runed translucent doors, ALWAYSlose's ghost, journeyman DsBe
Lair:2 Huxoxzufuz's ghost, journeyman GnFi


Innate Abilities, Weirdness & Mutations

You have sharp toenails.
A demonic guardian rushes to your aid.
When seriously injured, your bleeding wounds create thick armour. (AC +9)
Spells you cast may paralyse nearby enemies.


Message History

The black mamba goes berserk!
You block the elephant's attack. x2
The black mamba bites you!!
A demonic guardian appears!
The moth of wrath goads the komodo dragon on!
The komodo dragon goes berserk!
The black mamba bites you!
Your blood congeals into armour.
The black mamba rages.
You hear a trumpeting!
You block the black mamba's attack. The black mamba bites you!
Casting: Summon Ice Beast (dangerous; 6% risk of failure)
Confirm with . or Enter, or press ? or * to list all spells.
Malevolent energies surge around you. The black mamba bites you!
The komodo dragon closely misses your ice devil.
Something tramples your ice devil.
Your ice devil holds its ground!
Something trunk-slaps your ice devil. The black mamba barely misses you.
Your ice devil hits the komodo dragon.
Your ice devil freezes the komodo dragon!
The komodo dragon seems to slow down.
You block the black mamba's attack.
The cane toad stings something.
Your warg bites the elephant.
The black mamba bites you but does no damage.
The elephant barely misses your warg. The elephant closely misses your warg.
The moth of wrath goads the cane toad on!
The cane toad goes berserk!
The cane toad stings your ice devil but does no damage.
The black mamba barely misses you. The elephant tramples your warg!
Your warg holds its ground!
The elephant barely misses your warg.
Your warg bites the elephant!
The cane toad stings your ice devil!
Your ice devil hits the cane toad.
Your ice devil freezes the cane toad!!
The cane toad seems to slow down.
The komodo dragon rages.
There is a transporter here.
You closely miss the black mamba. You block the black mamba's attack.
The black mamba bites you!!
* * * LOW HITPOINT WARNING * * *
A demonic guardian appears!
The elephant tramples your warg.
Your warg holds its ground!
The elephant trunk-slaps your warg. The black mamba bites you!
You die...
Your body rises from the dead as a mindless zombie.

# ####.####.......## #####
#.......#......## .##.##
####.........#.#
.....######.......#...#
............#........##
.......######.........###
..#.....####............#####
.###...#.......###©####.....##
.###..........##@###..#####..####
...........#.##..Sl..#....#...#.#
..##......##.#.4hY#...#...##.##..
.......##..#.#.†##4.#......#.##..
P......##....#...#Fy©$.##..#.##..
.....#.#.#..##.#...).#.....#..##P
............#...$###[..##.##.####
.P###.#.....##..#.l)?$....#...###
### ###......### .#####..##......


You could see an elephant (berserk, ally target), a moth of wrath, a komodo
dragon (berserk, slow), a black mamba (berserk), a cane toad (berserk, slow,
ally target), a friendly ice devil (summoned), a friendly rust devil (summoned)
and a friendly warg (summoned).

Vanquished Creatures
  Nergalle (D:10)
  Joseph (D:7)
  A black mamba (Lair:1)
  A cane toad (Lair:2)
  A centaur zombie (D:10)
  A komodo dragon (Lair:2)
  A blink frog (Lair:1)
  9 yaks
  A naga (Lair:2)
  A soldier ant (D:6)
  A water moccasin (Lair:1)
  2 orc warriors
  A sky beast (D:6)
  2 ice beasts
  An ogre (D:8)
  2 centaurs
  2 phantoms
  9 bullfrogs
  2 killer bees (D:9)
  A wight (D:7)
  A quasit (D:5)
  A jelly (D:9)
  An orc priest (D:10)
  A centaur skeleton (D:10)
  3 iguanas
  4 orc wizards
  7 worker ants
  2 howler monkey zombies
  A gnoll (D:2)
  5 adders
  2 shadow imps
  A white imp (D:8)
  2 ufetubi
  3 oozes
  A worm (D:4)
  A dart slug (D:2)
  3 leopard geckos
  32 orcs
  3 giant cockroaches
  5 goblins
  7 hobgoblins
  3 jackals
  5 kobolds
  3 quokkas (D:4)
  A ball python (D:6)
  3 bats
  5 frilled lizards
  2 leopard gecko skeletons
  4 rats
  A butterfly (D:6)
154 creatures vanquished.

Vanquished Creatures (collateral kills)
  Snorg (D:10)
  A hydra (Lair:1)
  Fannar (Lair:3)
  A boulder beetle (Lair:3)
  A moth of wrath (Lair:2)
  A black mamba (Lair:3)
  4 cane toads
  3 rime drakes
  4 komodo dragons
  2 trolls
  A polar bear (Lair:3)
  5 dream sheep (Lair:3)
  7 blink frogs
  2 wyverns
  20 yaks
  3 basilisks
  A steam dragon (D:10)
  A naga (Lair:2)
  Duvessa (D:5)
  7 water moccasins
  Purgy (D:4)
  6 orc warriors
  An eye of draining (D:8)
  3 ice beasts
  3 necrophages
  A phantom (D:6)
  6 bullfrogs
  A scorpion (D:6)
  Dowan (D:5)
  4 killer bees (D:9)
  6 wights (D:7)
  3 howler monkeys
  A quasit (D:8)
  A hound (D:5)
  7 orc priests
  2 jellies
  A bullfrog skeleton (D:7)
  A centaur skeleton (D:5)
  Terence (D:3)
  2 iguanas
  3 orc wizards
  8 worker ants
  A worker ant zombie (D:6)
  2 gnolls (D:2)
  5 adders
  A shadow imp (D:5)
  An ufetubus (D:5)
  A dart slug (D:1)
  A leopard gecko (D:1)
  24 orcs
  7 giant cockroaches
  A hobgoblin (D:2)
  3 quokkas
  A ball python (D:1)
  A bat (D:1)
  3 rats (D:2)
182 creatures vanquished.

Vanquished Creatures (others)
  A blink frog (Lair:1)
  5 flying skulls
  A wraith (Lair:2)
  5 yaks
  An orc warrior (D:10)
  A wight (D:7)
  A mummy (D:10)
  An elf zombie (Lair:3)
  A hydra zombie (Lair:1)
  An adder zombie (D:8)
  21 fungi
  38 plants
77 creatures vanquished.

Grand Total: 413 creatures vanquished

Notes
Turn   | Place    | Note
-------+----------+-------------------------------------------
     0 | D:1      | siradein the Demonspawn Summoner began the quest for the
                  | Orb.
     0 | D:1      | Reached XP level 1. HP: 13/13 MP: 3/3
   598 | D:1      | Gained mutation: When seriously injured, your bleeding
                  | wounds create armour. (AC +9) [demonic ancestry]
   598 | D:1      | Reached XP level 2. HP: 18/19 MP: 3/5
  1576 | D:2      | Reached skill level 5 in Summonings
  1576 | D:2      | Gained mutation: When seriously injured, your bleeding
                  | wounds create thick armour. (AC +9) [demonic ancestry]
  1576 | D:2      | Reached XP level 3. HP: 24/24 MP: 3/6
  1599 | D:2      | Found a blossoming altar of Fedhas.
  1621 | D:2      | Learned a level 2 spell: Call Imp
  1625 | D:2      | Learned a level 3 spell: Call Canine Familiar
  2481 | D:2      | Gained mutation: Spells you cast may paralyse adjacent
                  | enemies. [demonic ancestry]
  2481 | D:2      | Reached XP level 4. HP: 28/30 MP: 7/7
  2551 | D:2      | Found a sacrificial altar of Ru.
  2663 | D:2      | Found a white marble altar of Elyvilon.
  3470 | D:3      | Noticed Terence
  3535 | D:3      | Killed Terence
  3536 | D:3      | Reached skill level 6 in Summonings
  4400 | D:4      | Identified the +2 chain mail of Hiusag {rPois Will++ Slay-5
                  | SInv Stlth-}
  4872 | D:4      | Gained mutation: A weak demonic guardian rushes to your
                  | aid. [demonic ancestry]
  4872 | D:4      | Reached XP level 5. HP: 11/35 MP: 3/8
  5132 | D:4      | Noticed Purgy
  5170 | D:4      | Killed Purgy
  5218 | D:4      | Found a glowing silver altar of Zin.
  5218 | D:4      | Noticed an angel
  5324 | D:4      | Reached skill level 7 in Summonings
  5617 | D:4      | Found a burning altar of Makhleb.
  5617 | D:4      | Noticed a green death
  5620 | D:4      | Noticed a ynoxinul
  5620 | D:4      | Noticed a neqoxec
  5657 | D:5      | Entered Level 5 of the Dungeon
  5721 | D:5      | Noticed a centaur
  5731 | D:5      | Noticed an ice beast
  5734 | D:5      | Killed a centaur
  5735 | D:5      | Reached XP level 6. HP: 24/41 MP: 3/9
  5738 | D:5      | Killed an ice beast
  5896 | D:5      | Noticed Dowan
  5897 | D:5      | Noticed Duvessa
  6298 | D:5      | Reached skill level 8 in Summonings
  6543 | D:5      | Found a radiant altar of Vehumet.
  6571 | D:5      | Killed Dowan
  6595 | D:5      | Killed Duvessa
  6596 | D:5      | Reached XP level 7. HP: 28/46 MP: 7/10
  6605 | D:5      | Learned a level 3 spell: Summon Guardian Golem
  6745 | D:5      | Found a shimmering altar of Xom.
  7163 | D:5      | Reached skill level 9 in Summonings
  8093 | D:5      | Identified the +1 leather armour "Doef" {rF+}
  8505 | D:6      | Found a broken altar of Ashenzari.
  8736 | D:5      | Reached skill level 1 in Short Blades
  8736 | D:5      | Gained mutation: You have sharp toenails. [demonic
                  | ancestry]
  8736 | D:5      | Reached XP level 8. HP: 25/52 MP: 7/11
  8986 | D:5      | Reached skill level 10 in Summonings
  9151 | D:6      | Found a runed translucent door.
  9153 | D:6      | Found a runed translucent door.
  9170 | D:6      | Found a staircase to the Ecumenical Temple.
  9190 | Temple   | Entered the Ecumenical Temple
  9250 | Temple   | Became a worshipper of Yredelemnul the Dark
  9622 | D:6      | Found Pearphown's Book Shop.
 10669 | D:7      | Identified the +2 pair of boots of the Jackalope {Rampage
                  | rPois Dex+4 Slay+3}
 10837 | D:7      | Found a snail-covered altar of Cheibriados.
 10896 | D:7      | Noticed Joseph
 10897 | D:7      | Reached * piety under Yredelemnul
 10916 | D:7      | Killed Joseph
 11036 | D:7      | Gained mutation: A demonic guardian rushes to your aid.
                  | [demonic ancestry]
 11036 | D:7      | Reached XP level 9. HP: 53/53 MP: 11/13
 11109 | D:7      | Reached skill level 11 in Summonings
 11278 | D:7      | Found Usiaxtet's Assorted Antiques.
 11791 | D:8      | Found a staircase to the Lair.
 12021 | D:8      | Identified the +3 war axe of Pushruask {distort, *Corrode
                  | *Drain rElec rF+++}
 12379 | D:8      | Reached ** piety under Yredelemnul
 12380 | D:8      | Reached skill level 5 in Short Blades
 12531 | D:8      | Learned a level 4 spell: Summon Ice Beast
 13607 | Lair:1   | Entered Level 1 of the Lair of Beasts
 13631 | Lair:1   | Noticed a cane toad
 13637 | Lair:1   | Killed a cane toad
 13638 | Lair:1   | Reached skill level 5 in Spellcasting
 13777 | Lair:1   | Noticed a six-headed hydra
 13819 | Lair:1   | Killed a six-headed hydra
 13820 | Lair:1   | Reached XP level 10. HP: 56/63 MP: 8/18
 13926 | Lair:1   | Reached *** piety under Yredelemnul
 14068 | Lair:1   | Reached skill level 12 in Summonings
 14089 | Lair:1   | Learned a level 4 spell: Summon Lightning Spire
 14255 | Lair:1   | Identified the +8 hunting sling "Sel Gelu" {venom, rF+
                  | Str+3}
 14276 | Lair:1   | Noticed a black mamba
 14279 | Lair:1   | Killed a black mamba
 15264 | Lair:1   | Reached skill level 1 in Shields
 15809 | Lair:2   | Found a transporter.
 15809 | Lair:2   | Found a staircase to the Snake Pit.
 16021 | Lair:2   | Noticed a cane toad
 16033 | Lair:2   | Killed a cane toad
 16033 | Lair:2   | Received a gift from Yredelemnul (2 flying skulls)
 16044 | Lair:2   | Noticed a cane toad
 16049 | Lair:2   | Killed a cane toad
 16050 | Lair:2   | Gained mutation: Spells you cast may paralyse nearby
                  | enemies. [demonic ancestry]
 16050 | Lair:2   | Reached XP level 11. HP: 50/68 MP: 19/21
 16189 | Lair:2   | Found a transporter.
 16200 | Lair:2   | Noticed Huxoxzufuz's ghost (journeyman GnFi)
 16362 | Lair:2   | Reached skill level 1 in Ice Magic
 16368 | Lair:2   | Reached skill level 1 in Polearms
 16373 | Lair:2   | Reached skill level 1 in Air Magic
 16596 | Lair:3   | Noticed a boulder beetle
 16599 | Lair:3   | Noticed Fannar
 16606 | Lair:3   | Received a gift from Yredelemnul (3 flying skulls)
 16610 | Lair:3   | Killed Fannar
 16844 | Lair:3   | Reached **** piety under Yredelemnul
 16854 | Lair:3   | Killed a boulder beetle
 16905 | Lair:3   | Your ally Fannar died
 17135 | Lair:3   | Found a staircase to the Swamp.
 17156 | Lair:3   | Received a gift from Yredelemnul (a wraith)
 17626 | Lair:3   | Reached skill level 1 in Invocations
 17918 | D:9      | Received a gift from Yredelemnul (a mummy)
 18182 | D:9      | Found a hazy altar of Hepliaklqana.
 18258 | D:9      | Reached skill level 13 in Summonings
 18429 | D:9      | Found a stormy altar of Qazlal.
 18435 | D:9      | Found a hide-covered altar of Uskayaw.
 18950 | D:10     | Entered Level 10 of the Dungeon
 18955 | D:10     | Found a runed translucent gate.
 18956 | D:10     | Found a runed translucent gate.
 18957 | D:10     | Found a runed translucent gate.
 19041 | D:10     | Found a large runed translucent door.
 19041 | D:10     | Found a large runed translucent door.
 19047 | D:10     | Noticed a green ugly thing
 19054 | D:10     | Found a large runed translucent door.
 19054 | D:10     | Found a large runed translucent door.
 19093 | D:10     | Noticed Nergalle
 19109 | D:10     | Found a staircase to the Orcish Mines.
 19528 | D:10     | Noticed Snorg
 19553 | D:10     | Killed Snorg
 20063 | D:10     | Received a gift from Yredelemnul (a wraith)
 20253 | D:10     | Killed Nergalle
 20955 | D:10     | Noticed ALWAYSlose's ghost (journeyman DsBe)
 21063 | Lair:2   | Reached XP level 12. HP: 67/74 MP: 19/24
 21240 | Lair:2   | Slain by a black mamba

Illustrated notes

Levels and vault maps discovered:
D:1:      lightli_arrival_chessboard, layout_basic
D:2:      layout_rooms, fedhas_altar_2, lemuel_crystal_altar, hex_medium,
          elyvilon_altar_1
D:3:      layout_loops_ring, uniq_terence
D:4:      layout_cave_pods, zin_angel, makhleb_altar_promises_db, uniq_purgy
D:5:      minmay_razor_zed, layout_loops_ring, general_overflow_altar,
          vehumet_crystals, uniq_duvessa
D:6:      lemuel_insect_pit, layout_basic, evilmike_ruin_ashenzari,
          minmay_temple_entry_grid, serial_shops, shop_statue
D:7:      layout_cave_pools, serial_shops,
          nicolae_shop_temple_entry_statues_fountains, basic_altar, uniq_joseph
D:8:      layout_layer_cave, lair_entry_dummy, special_room [special_room_orc]
D:9:      layout_long_grid, nzn_hepliaklqana_mist_gate,
          gammafunk_temple_overflow_pools
D:10:     layout_loops_ring, david_orc_2, gammafunk_ghost_necromancy,
          minmay_hollow_rounded_squares, uniq_nergalle, uniq_snorg
Temple:   nicolae_temple_no_exploring_needed
Lair:1:   layout_loops_ring, grunt_megastairs_1
Lair:2:   layout_misc_corridors, guppyfry_snake_entry_garden,
          gammafunk_ghost_berserking_beasts
Lair:3:   layout_regular_city, swamp_mist_pool, uniq_fannar

Skill      XL: |  1  2  3  4  5  6  7  8  9 10 11 |
---------------+----------------------------------+-----
Summonings     | 5 6 7 8 9 10 11 12 13 | 13.1
Short Blades   | 1 4 6 7 |  7.7
Spellcasting   | 3 5 7 8 |  8.0
Shields        | 2 4 |  4.1
Ice Magic      | 3 |  3.5
Polearms       | 3 |  3.4
Air Magic      | 3 |  3.5
Invocations    | 3 |  3.0
Dodging        | |  1.7
Stealth        | |  1.7

Action                   |  1- 3 |  4- 6 |  7- 9 | 10-12 || total
-------------------------+-------+-------+-------+-------++-------
Melee: Dagger            |    60 |   123 |   398 |       ||   581
       Unarmed           |     1 |       |       |       ||     1
       Spear             |    62 |     8 |       |       ||    70
       Trident           |       |     9 |       |   265 ||   274
       Kick              |       |       |    27 |       ||    27
       Short sword       |       |       |    27 |    64 ||    91
       Halberd           |       |       |       |     5 ||     5
 Cast: Summon Small Mamm |    12 |       |       |       ||    12
       Call Imp          |     7 |    30 |    21 |    17 ||    75
       Call Canine Famil |       |     6 |    39 |    53 ||    98
       Summon Guardian G |       |       |    12 |    18 ||    30
       Summon Ice Beast  |       |       |       |     6 ||     6
Invok: Animate Remains   |       |       |     1 |     1 ||     2
       Animate Dead      |       |       |       |     2 ||     2
  Use: Potion            |     1 |       |     1 |     2 ||     4
       Scroll            |     1 |     8 |     5 |    10 ||    24
 Stab: Distracted        |     1 |     1 |     1 |     6 ||     9
       Paralysed         |       |    17 |    43 |    37 ||    97
       Sleeping          |       |     1 |     5 |     5 ||    11
Armor: Robe              |    36 |    17 |    35 |       ||    88
       Leather armour    |       |       |    93 |   160 ||   253
Dodge: Dodged            |    82 |    67 |   207 |   139 ||   495
Block: Kite shield       |       |       |    44 |   257 ||   301

Table legend: (Time is in decaauts)
 A = Elapsed time spent in this place.
 B = Non-inter-level travel time spent in this place.
 C = Inter-level travel time spent in this place.
 D = Time resting spent in this place.
 E = Time spent auto-exploring this place.
 F = Levels seen in this place.
 G = Mean time per level.
                   A        B        C        D        E       F      G
               +--------+--------+--------+--------+--------+-----+--------+
         Total |  21915 |  21636 |    279 |   2706 |  14928 |  14 | 1565.4 |
       Dungeon |  17178 |  16955 |    223 |   1755 |  12264 |  10 | 1717.8 |
        Temple |     67 |     67 |      0 |     13 |      0 |   1 |   67.0 |
          Lair |   4669 |   4613 |     56 |    938 |   2664 |   3 | 1556.3 |
               +--------+--------+--------+--------+--------+-----+--------+

Top non-repeatable levels by time:
     D:5: 2832 daAuts
  Lair:1: 2108 daAuts
     D:9: 1967 daAuts
     D:6: 1818 daAuts
     D:1: 1806 daAuts
     D:4: 1744 daAuts
    D:10: 1666 daAuts
     D:8: 1612 daAuts
     D:7: 1352 daAuts
  Lair:3: 1329 daAuts
     D:3: 1314 daAuts
  Lair:2: 1231 daAuts
     D:2: 1061 daAuts
  Temple: 67 daAuts
